 Dungeon Crawl Stone Soup version 0.23-a0-241-g3b46b07 (webtiles) character file.

193 namelastname112 the Cutter (level 5, -5/42 HPs)
             Began as a Draconian Wanderer on Sept 26, 2018.
             Killed by divine providence
             ... invoked by an orc priest
              (9 damage)
             ... on level 3 of the Dungeon.
             The game lasted 00:04:14 (3055 turns).

namelastname112 the Cutter (Draconian Wanderer)     Turns: 3055, Time: 00:04:15

Health: -5/42      AC:  7    Str: 15    XL:     5   Next: 44%
Magic:  8/8        EV: 12    Int: 12    God:
Gold:   175        SH:  0    Dex: 11    Spells: 8/8 levels left

rFire    . . .     SeeInvis .   a - +2 dagger
rCold    . . .     Gourm    .   (no shield)
rNeg     . . .     Faith    .   (armour unavailable)
rPois    .         Spirit   .   (helmet restricted)
rElec    .         Reflect  .   v - +0 cloak
rCorr    +         Harm     .   c - +0 pair of gloves (curse)
MR       .....                  (no boots)
Stlth    ++........             (no amulet)
HPRegen  0.14/turn              n - ring of resist corrosion
MPRegen  0.11/turn              (no ring)

@: no status effects
A: unfitting armour, cold-blooded, AC +5
a: no special abilities


You were on level 3 of the Dungeon.
You were hungry.

You visited 1 branch of the dungeon, and saw 4 of its levels.

You collected 175 gold pieces.

Inventory:

Hand Weapons
 a - a +2 dagger (weapon)
 e - a +0 blowgun
 m - a +0 dagger of speed
Missiles
 k - a throwing net (quivered)
Armour
 c - a cursed +0 pair of gloves (worn)
 v - a +0 cloak (worn)
Jewellery
 n - a ring of resist corrosion (left hand)
Wands
 s - a wand of iceblast (11)
Scrolls
 h - 2 scrolls of teleportation {unknown}
 j - 3 scrolls of enchant weapon {unknown}
 l - 4 scrolls of identify {unknown}
 o - 2 scrolls of remove curse {unknown}
 p - a scroll of enchant armour {unknown}
 t - 2 scrolls of noise {unknown}
Potions
 b - a potion of berserk rage
 g - a potion of ambrosia {unknown}
 i - a potion of agility {unknown}
 q - a potion of heal wounds {unknown}
 r - a potion of resistance {unknown}
 u - a potion of cancellation {unknown}
Comestibles
 f - 5 rations


   Skills:
 + Level 2.3 Fighting
 * Level 3.1 Short Blades
   Level 2.0 Staves
 - Level 1.0 Throwing
 + Level 1.8 Dodging
 + Level 2.9 Stealth
 - Level 2.0 Spellcasting
   Level 3.0 Poison Magic


You had 8 spell levels left.
You didn't know any spells.
Your spell library contained the following spells:

 Spells                   Type           Power        Failure   Level  Hunger
 Freeze                   Ice            #...         26%         1    ##.....
 Ozocubu's Armour         Chrm/Ice       #.......     63%         3    ####...


Dungeon Overview and Level Annotations

Branches:
Dungeon (4/15)
 Temple: D:4-7

Altars:
Elyvilon
Vehumet
Wu Jian


Innate Abilities, Weirdness & Mutations

Your plain brown scales are hard. (AC +5)
You cannot fit into any form of body armour.
You are cold-blooded and may be slowed by cold attacks.


Message History

The poisoned needle hits the orc priest.
The orc priest is poisoned.
The orc priest is heavily wounded.
The orc priest closely misses you.
Wield which item (- for none, * to show all)? (? for menu, Esc to quit)
a - a +2 dagger (weapon)
You hit the orc priest but do no damage.
You tail-slap the orc priest.
The orc priest is heavily wounded.
The orc priest hits you with a mace of crushing!
* * * LOW HITPOINT WARNING * * *
x2 You take 10 damage, and have 4/42 hp.
MASSIVE DAMAGE!!
You hit the orc priest but do no damage.
The orc priest is heavily wounded.
The orc priest completely misses you.
You barely miss the orc priest.
The orc priest is heavily wounded.
The orc priest invokes the aid of Beogh against you.
Beogh smites you!
You die...

#.##### ##'## #.# #.#...#
#.# #.# #.....#
#.######.# ###...#
##......#.#
##.######...###.#.#
#.##.............#
#.##.###....##.### #....#
#.o..##.#
#....###@.####.#
##.#......####.#
#.#####.......# #.###
#..###### #...###### ###
#############8#_#####⌠##
#.........###.#.#.#.#.8##
#.####.....#............#
#.#
##.#...#............##


You could see an orc priest.

Vanquished Creatures
  A howler monkey (D:4)
  An orc priest (D:2)
  A hound (D:4)
  A worker ant (D:4)
  An adder (D:2)
  A worm (D:2)
  3 dart slugs
  5 orcs
  A ball python (D:3)
  3 giant cockroaches
  2 goblins
  3 hobgoblins
  2 quokkas (D:2)
  9 bats
  5 frilled lizards
  4 kobolds
  11 rats
54 creatures vanquished.

Notes
Turn   | Place    | Note
-------+----------+-------------------------------------------
     0 | D:1      | namelastname112 the Draconian Wanderer began the quest for
                  | the Orb.
     0 | D:1      | namelastname112 set off with: a +2 dagger, a potion of
                  | berserk rage, 8 poisoned needles, a +0 blowgun, a ration
     0 | D:1      | Reached XP level 1. HP: 14/14 MP: 3/3
   374 | D:1      | Reached XP level 2. HP: 22/22 MP: 5/5
   417 | D:1      | Reached skill level 1 in Short Blades
   795 | D:2      | Reached skill level 1 in Fighting
   968 | D:2      | Reached XP level 3. HP: 22/28 MP: 6/6
  1256 | D:2      | Reached skill level 1 in Dodging
  1369 | D:2      | Reached XP level 4. HP: 24/36 MP: 7/7
  1789 | D:3      | Found a radiant altar of Vehumet.
  2567 | D:3      | Found an ornate altar of the Wu Jian Council.
  2570 | D:3      | Found a white marble altar of Elyvilon.
  2764 | D:4      | Reached XP level 5. HP: 7/41 MP: 8/8
  3055 | D:3      | Killed from afar by an orc priest

Vault maps used:
D:1:      dpeg_arrival_rooms_b
D:3:      overflow_temple_1_default, minitemple
D:4:      fedhas_altar_fruit_tree, ebering_ghost_rock_garden

Skill      XL: |  1  2  3  4 |
---------------+-------------+-----
Stealth        | 2 |  2.9
Short Blades   | 1 2 3 |  3.1
Fighting       | 1 2 |  2.3
Dodging        | 1 |  1.8
Staves         | |  2.0
Throwing       | |  1.0
Spellcasting   | |  2.0
Poison Magic   | |  3.0

Action                   |  1- 3 |  4- 6 || total
-------------------------+-------+-------++-------
Melee: Dagger            |   135 |   122 ||   257
       Tailslap          |    11 |     8 ||    19
 Fire: Blowgun           |     5 |     8 ||    13
Throw: Throwing net      |       |     1 ||     1
 Stab: Sleeping          |     4 |     2 ||     6
  Eat: Chunk             |     1 |     5 ||     6
Armor: Skin              |    35 |    33 ||    68
Dodge: Dodged            |    66 |    82 ||   148

Table legend:
 A = Non-vault XP
 B = Vault XP
 C = Vault XP percentage of total XP
 D = Non-vault monster count
 E = Vault monster count
 F = Vault count percentage of total count
                 A         B        C        D         E       F
            +---------+---------+-------+---------+---------+-------
      Total |     277 |       0 |   0.0 |      54 |       0 |   0.0
            +---------+---------+-------+---------+---------+-------
        D:1 |      30 |       0 |   0.0 |      21 |       0 |   0.0
        D:2 |      93 |       0 |   0.0 |      20 |       0 |   0.0
        D:3 |      14 |       0 |   0.0 |       7 |       0 |   0.0
        D:4 |     140 |       0 |   0.0 |       6 |       0 |   0.0
            +---------+---------+-------+---------+---------+-------
